 Dungeon Crawl Stone Soup version 0.25-a0-109-ge9c0e85935 (webtiles) character file.

Game seed: 4837900751310797037, levelgen mode: deterministic

108 vurker the Skirmisher (level 5, -11/42 HPs)
             Began as a Formicid Abyssal Knight on Nov 18, 2019.
             Was a Believer of Lugonu.
             Killed by divine providence
             ... invoked by an orc priest
              (15 damage)
             ... on level 3 of the Dungeon.
             The game lasted 00:04:05 (2472 turns).

vurker the Skirmisher (Formicid Abyssal Knight)     Turns: 2472, Time: 00:04:06

Health: -11/42     AC: 12    Str: 18    XL:     5   Next: 12%
Magic:  7/7        EV:  0    Int: 11    God:    Lugonu [**....]
Gold:   127        SH: 11    Dex: 10    Spells: 4/4 levels left

rFire    . . .     SeeInvis +   a - +2 hand axe
rCold    . . .     Gourm    .   o - +0 large shield
rNeg     . . .     Faith    .   g - +0 plate armour
rPois    .         Spirit   .   (helmet unavailable)
rElec    .         Reflect  .   (no cloak)
rCorr    .         Harm     .   (no gloves)
MR       .....                  k - +0 pair of boots
Stlth    ..........             (no amulet)
HPRegen  0.14/turn              (no ring)
MPRegen  0.10/turn              (no ring)

@: very slightly contaminated, invisible
A: permanent stasis, dig shafts and tunnels, four strong arms, antennae 3
a: Dig, Shaft Self, Depart the Abyss, Bend Space, Renounce Religion


You were on level 3 of the Dungeon.
You worshipped Lugonu.
Lugonu was pleased with you.
You were not hungry.

You visited 1 branch of the dungeon, and saw 3 of its levels.
You visited the Abyss 1 time.

You collected 127 gold pieces.

Inventory:

Hand Weapons
 a - a +2 hand axe (weapon)
Armour
 g - a +0 plate armour (worn)
   (You found it on level 1 of the Dungeon)
 k - a +0 pair of boots (worn)
   (You found it on level 1 of the Dungeon)
 o - a +0 large shield (worn)
   (You found it on level 2 of the Dungeon)
Scrolls
 h - a scroll of fog {unknown}
Potions
 b - a potion of heal wounds {unknown}
 d - a potion of curing {unknown}
 f - 2 potions of might
 j - a potion of invisibility
 m - a potion of agility {unknown}
 p - a potion of mutation {unknown}
Comestibles
 c - 3 chunks of flesh
 e - 8 rations


   Skills:
 + Level 4.0 Fighting
 * Level 3.6 Axes
 - Level 2.1 Armour
 - Level 0.8 Dodging
 + Level 1.0 Shields
 + Level 3.3 Invocations


You had 4 spell levels left.
You didn't know any spells.
Your spell library was empty.

Dungeon Overview and Level Annotations

Branches:
Dungeon (3/15)

Altars:
Gozag


Innate Abilities, Weirdness & Mutations

You cannot be hasted, slowed, berserked, paralysed or teleported.
You can dig through walls and to a lower floor.
Your four strong arms can wield two-handed weapons with a shield.
You have a pair of large antennae on your head. (SInv)


Message History

The orc hits you but does no damage.
You hit the orc. You block the orc's attack.
You hit the orc.
You kill the orc!
Lugonu accepts your kill.
An orc priest comes into view. It is wielding a +0 club.
You block the orc's attack.
You closely miss the orc.
The orc priest shouts!
The orc hits you but does no damage.
You hit the orc. You block the orc's attack.
You hit the orc but do no damage. The orc hits you but does no damage.
Your shield and plate armour prevent you from hitting the orc.
You block the orc's attack.
Your plate armour prevents you from hitting the orc.
The orc hits you but does no damage. You block the orc's attack.
You hit the orc.
The orc priest invokes the aid of Beogh against you.
Beogh smites you! You block the orc's attack.
You hit the orc.
You kill the orc!
Lugonu accepts your kill.
Your shield and plate armour prevent you from hitting the orc.
You block the orc's attack.
The orc priest looks satisfied for a moment.
The orc priest mumbles some strange prayers to Beogh against you.
Beogh smites you!
* * * LOW HITPOINT WARNING * * *
You block the orc's attack.
You hit the orc.
The orc priest begins to cast a cantrip, but forgets the words!
You block the orc's attack.
You barely miss the orc. You block the orc's attack.
The orc priest calls upon Beogh to heal the orc.
The orc's wounds heal themselves!
Your shield and plate armour prevent you from hitting the orc.
You block the orc's attack. The orc hits you but does no damage.
The orc priest calls down the wrath of Beogh upon you.
Beogh smites you!
* * * LOW HITPOINT WARNING * * *
You aren't carrying any items that you can evoke.
Unknown command.
You fade into invisibility!
The orc hits you.
* * * LOW HITPOINT WARNING * * *
You are very lightly contaminated with residual magic.
Okay, then.
The orc priest calls down the wrath of Beogh upon you.
Beogh smites you!
You die...

♣♣.♣♣ #.# ♣♣...♣ .. #.# ♣....♣ ..
#.. #....# #.# #.# ####....###.#
#.#####)# ## #..#...#.##.#
#.......###. #######..#.÷##.##.#
####.......^ #...)......###.##.#
############.
#.######....o.o.@.###...##...####
##.####.#....÷...#.#...... #.#
#.#...##....##.##.## #.#
#.#...###....)=..... ### #.....#
###.##.#..## ###.#.# ##.#.#.## {
#.#.# #...## ###.# ##.## #.. #.#


You could see an orc priest and an orc.

Vanquished Creatures
  3 gnolls
  2 adders (D:2)
  An ooze (D:1)
  A dart slug (D:1)
  A leopard gecko (D:3)
  3 orcs (D:3)
  2 bats
  3 giant cockroaches
  8 goblins (D:1)
  3 hobgoblins (D:1)
  3 jackals (D:1)
  4 quokkas (D:2)
  4 frilled lizards
  4 kobolds
  6 rats
48 creatures vanquished.

Notes
Turn   | Place    | Note
-------+----------+-------------------------------------------
     0 | Abyss:1  | vurker the Formicid Abyssal Knight began the quest for the
                  | Orb.
     0 | Abyss:1  | Reached XP level 1. HP: 18/18 MP: 2/2
     0 | Abyss:1  | Found a blossoming altar of Fedhas.
    53 | D:1      | Escaped the Abyss
   268 | D:1      | Reached XP level 2. HP: 8/24 MP: 3/3
   749 | D:1      | Reached XP level 3. HP: 29/29 MP: 3/5
   776 | D:1      | Reached ** piety under Lugonu
  1242 | D:2      | Reached XP level 4. HP: 36/37 MP: 6/6
  1893 | D:2      | Found an opulent altar of Gozag.
  2137 | D:2      | Reached skill level 4 in Fighting
  2375 | D:3      | Reached XP level 5. HP: 41/42 MP: 7/7
  2395 | D:3      | Reached skill level 1 in Shields
  2461 | D:3      | HP: 2/42 [orc (2)]
  2472 | D:3      | Killed from afar by an orc priest

Levels and vault maps discovered:
D:1:      dpeg_arrival_connections, layout_rooms
D:2:      wad_woods_tower, layout_basic, mrwooster_statue_mirror,
          minmay_misc_feat_tiny, nicolae_gozag_cash_rules_everything_around_me
D:3:      layout_loops_ring, first_ration, chequers_jeans, nrook_uturn,
          uniq_crazy_yiuf_cottage

Skill      XL: |  1  2  3  4  5 |
---------------+----------------+-----
Axes           | 3 |  3.6
Invocations    | 3 |  3.3
Fighting       | 4 |  4.0
Shields        | 1 |  1.0
Armour         | |  2.1
Dodging        | |  0.8

Action                   |  1- 3 |  4- 6 || total
-------------------------+-------+-------++-------
Melee: Hand axe          |    89 |    73 ||   162
  Use: Scroll            |       |     8 ||     8
       Potion            |       |     1 ||     1
  Eat: Chunk             |     1 |     4 ||     5
Armor: Leather armour    |     9 |       ||     9
       Plate armour      |    34 |    53 ||    87
Dodge: Dodged            |    53 |     4 ||    57
Block: Large shield      |       |    31 ||    31

Table legend:
 A = Non-vault XP
 B = Vault XP
 C = Vault XP percentage of total XP
 D = Non-vault monster count
 E = Vault monster count
 F = Vault count percentage of total count
                 A         B        C        D         E       F
            +---------+---------+-------+---------+---------+-------
      Total |     119 |      36 |  23.2 |      42 |       6 |  12.5
            +---------+---------+-------+---------+---------+-------
        D:1 |      64 |       0 |   0.0 |      25 |       0 |   0.0
        D:2 |      37 |      36 |  49.3 |       9 |       6 |  40.0
        D:3 |      18 |       0 |   0.0 |       8 |       0 |   0.0
            +---------+---------+-------+---------+---------+-------
